 Dungeon Crawl Stone Soup version 0.31-a0-303-gdc8c9485ea (webtiles) character file.

Game seed: 8111340581269546464

37 spaghetti the Trooper (level 3, -2/37 HPs)
             Began as an Ogre Shapeshifter on July 17, 2023.
             Slain by a hobgoblin (3 damage)
             ... on level 2 of the Dungeon.
             The game lasted 00:02:12 (903 turns).

spaghetti the Trooper (Ogre Shapeshifter)            Turns: 903, Time: 00:02:12

Health: -2/37      AC:  3    Str: 21    XL:     3   Next: 41%
Magic:  3/3        EV:  9    Int:  9    God:
Gold:   70         SH:  0    Dex:  9    Spells: 2/2 levels left

rFire   . .          .
                       - Unarmed
rCold   . . .        (no shield)
rNeg    . . .        a - +0 animal skin
rPois   .            (helmet currently unavailable)
rElec   .            (cloak currently unavailable)
rCorr   .            (gloves unavailable)
SInv    .            (boots unavailable)
Will    .....        (no amulet)
Stlth   +            (no ring)
HPRegen 0.26/turn    (no ring)
MPRegen 0.08/turn

%: no passive effects
@: beast-form
A: beast (slay +2), large, unfitting armour, tough skin 1
a: Begin Untransformation


You were on level 2 of the Dungeon.
You were a hulking beast.
You visited 1 branch of the dungeon, and saw 2 of its levels.

You collected 70 gold pieces.


Innate Abilities, Weirdness & Mutations

You are a hulking beast.
Your limbs bulge with bestial killing power. (Slay +2)
You are too large for most types of armour.
You have tough skin. (AC +1)


   Skills:
 + Level 3.5 Fighting
 + Level 1.9 Dodging
 + Level 2.3 Unarmed Combat
 + Level 3.3 Shapeshifting


You had 2 spell levels left.
You didn't know any spells.
Your spell library was empty.

Inventory:

Hand Weapons
 d - a +0 hand axe {axe}
   (You found it on level 1 of the Dungeon)
 h - a +0 short sword {short}
   (You took it off a kobold on level 1 of the Dungeon)
 k - a +0 short sword {short}
   (You took it off a kobold on level 1 of the Dungeon)
 l - a +0 whip {mace}
   (You took it off a kobold on level 1 of the Dungeon)
 n - a +0 sling
   (You found it on level 1 of the Dungeon)
 o - a +0 whip {mace}
   (You found it on level 1 of the Dungeon)
 p - a +0 club {mace}
   (You took it off a goblin on level 1 of the Dungeon)
Missiles
 f - 3 large rocks {=fthrowing}
 m - 5 stones {throwing}
Armour
 a - a +0 animal skin (worn)
Talismans
 c - a beast talisman
Scrolls
 g - a scroll of teleportation {unknown}
 j - a scroll of identify {unknown}
Potions
 b - a potion of lignification {!q}
 e - a potion of heal wounds {unknown}
 i - a potion of cancellation {unknown}

Dungeon Overview and Level Annotations

Branches:
Dungeon (2/15) Zot: 11099

Altars:

#############.#.#
.#
#.....#.####.###
#.#...#.#......#
#.....#.#......#
#.#.....#......#
#.....###......#
....#.#..........#
#[#.......#......#
....#.#.#.h(......
...........g.....#
###.#.#.#.#......#
.............####
##.#..##...#.#
..... ....... .#.
..#.# #. ... .. ..


You could see a hobgoblin.


Message History

An endoplasm is nearby!
An endoplasm is nearby!
An endoplasm is nearby!
You hit the endoplasm.
You kill the endoplasm!
You see here a frilled lizard corpse. 😕 HP[+1] Key pressed, stopping explore.
Key pressed, stopping explore.
Partly explored, can't reach some places. 😎 HP[+2]
Your hp is fully restored (37).
Partly explored, can't reach some places.
Partly explored, can't reach some places.
Partly explored, can't reach some places.
(D) Dungeon
Where to? (? - help)
There is a stone staircase leading down here.
You climb downwards.
There is a stone staircase leading up here.
Unknown command.
Unknown command.
Found an escape hatch in the ceiling.
There is an escape hatch in the ceiling here.
Key pressed, stopping explore.
A rat comes into view.
The rat barely misses you.
You closely miss the rat. You hit the rat.
You kill the rat!
No target in view!
No target in view!
No target in view!
No target in view!
No target in view!
A worm comes into view.
A worm is nearby!
A worm is nearby!
A hobgoblin comes into view.
The worm bites you but does no damage.
You hit the worm.
The hobgoblin shouts!
You hit the worm but do no damage. The worm bites you! 😮 HP[-10]
You take 10 damage, and now have 27/37 hp.
MASSIVE DAMAGE!! (PAUSE)
You barely miss the worm. You hit the worm but do no damage.
The worm completely misses you.
You punch the worm! The worm bites you! 😮 HP[-7]
You take 7 damage, and now have 20/37 hp.
You barely miss the worm. The hobgoblin closely misses you.
You hit the worm.
The hobgoblin hits you but does no damage.
The worm bites you. 😮 HP[-1]
You take 1 damage, and now have 19/37 hp.
You hit the worm. The hobgoblin hits you.
* * * LOW HITPOINT WARNING * * *
😨 HP[-3]
You take 3 damage, and now have 16/37 hp.
You hit the worm. The hobgoblin hits you.
* * * LOW HITPOINT WARNING * * *
The worm bites you.
* * * LOW HITPOINT WARNING * * *
😨 HP[-4]
You take 4 damage, and now have 12/37 hp.
Unknown command.
Unknown command.
You hit the worm. The hobgoblin closely misses you.
You hit the worm but do no damage. The worm barely misses you.
The hobgoblin hits you.
* * * LOW HITPOINT WARNING * * *
😨 HP[-2]
You take 2 damage, and now have 10/37 hp.
You hit the worm. The hobgoblin barely misses you. The worm bites you.
* * * LOW HITPOINT WARNING * * *
😱 HP[-6]
You take 6 damage, and now have 4/37 hp.
Unknown command.
Unknown command.
You barely miss the worm. The hobgoblin hits you.
* * * LOW HITPOINT WARNING * * *
😱 HP[-1]
You take 1 damage, and now have 3/37 hp.
Throw: 4 large rocks {=fthrowing}
Press: ? - help, Shift-Dir - straight line, f - worm
Aim: a worm (almost dead, 75% to hit)
You throw a large rock {=fthrowing}.
The large rock {=fthrowing} hits the worm.
You kill the worm!
The hobgoblin hits you.
* * * LOW HITPOINT WARNING * * *
The hobgoblin misses you. 😱 HP[-2]
You take 2 damage, and now have 1/37 hp.
Unknown command.
Unknown command.
You closely miss the hobgoblin. The hobgoblin hits you.
You die...

Skill      XL: |  1 |
---------------+----+-----
Fighting       | 3 |  3.5
Unarmed Combat | 2 |  2.3
Dodging        | |  1.9
Shapeshifting  | |  3.3

Action                     || total
---------------------------++-------
  Melee: Unarmed           ||   105
         Punch             ||     1
  Throw: Large rock        ||     1
Ability: Begin Untransform ||     1
 Armour: Animal skin       ||    45
  Dodge: Dodged            ||    59
   Form: Beast             ||     1

Levels and vault maps discovered:
D:1:      eino_arrival_cavern_b, layout_rooms, minmay_misc_feat_enclosed
D:2:      layout_basic, hangedman_decor_riveting

Notes
Turn   | Place    | Note
-------+----------+-------------------------------------------
     0 | D:1      | spaghetti the Ogre Shapeshifter began the quest for the
                  | Orb.
     0 | D:1      | Reached XP level 1. HP: 22/22 MP: 1/1
     0 | D:1      | magus.rc [v1.9.6]
   111 | D:1      | Reached skill level 3 in Fighting
   111 | D:1      | Reached skill level 2 in Unarmed Combat
   111 | D:1      | Reached XP level 2. HP: 27/31 MP: 2/2
   355 | D:1      | Reached XP level 3. HP: 28/37 MP: 3/3
   900 | D:2      | HP: 4/37 [worm (6)]
   902 | D:2      | HP: 1/37 [hobgoblin (2)]
   903 | D:2      | Slain by a hobgoblin

Vanquished Creatures
  A worm (D:2)
  A dart slug (D:1)
  2 ball pythons (D:1)
  3 bats (D:1)
  6 endoplasms (D:1)
  A giant cockroach (D:1)
  A goblin (D:1)
  3 hobgoblins (D:1)
  3 kobolds (D:1)
  A quokka (D:1)
  4 frilled lizards (D:1)
  5 rats
31 creatures vanquished.

Table legend:
 A = Non-vault XP
 B = Vault XP
 C = Vault XP percentage of total XP
 D = Non-vault monster count
 E = Vault monster count
 F = Vault count percentage of total count
                 A         B        C        D         E       F
            +---------+---------+-------+---------+---------+-------
      Total |      54 |       0 |   0.0 |      31 |       0 |   0.0
            +---------+---------+-------+---------+---------+-------
        D:1 |      48 |       0 |   0.0 |      29 |       0 |   0.0
        D:2 |       6 |       0 |   0.0 |       2 |       0 |   0.0
            +---------+---------+-------+---------+---------+-------

Skill      XL: |  1 |
---------------+----+-----
Fighting       | 3 |  3.5
Unarmed Combat | 2 |  2.3
Dodging        | |  1.9
Shapeshifting  | |  3.3

Action                     || total
---------------------------++-------
  Melee: Unarmed           ||   105
         Punch             ||     1
  Throw: Large rock        ||     1
Ability: Begin Untransform ||     1
 Armour: Animal skin       ||    45
  Dodge: Dodged            ||    59
   Form: Beast             ||     1

Illustrated notes

Table legend:
 A = Kills in this place as a percentage of kills in the entire game.
 B = Kills by you in this place as a percentage of kills by you in the entire game.
 C = Kills by friends in this place as a percentage of kills by friends in the entire game.
 D = Other kills in this place as a percentage of other kills in the entire game.
 E = Experience gained in this place as a percentage of experience gained in the entire game.
 F = Experience gained in this place divided by the number of levels of this place that you have seen.
                   A       B       C       D       E      F
               +-------+-------+-------+-------+-------+----------------------
         Total | 100.0 | 100.0 |   N/A |   N/A | 100.0 |  27.0
       Dungeon | 100.0 | 100.0 |   N/A |   N/A | 100.0 |  27.0
               +-------+-------+-------+-------+-------+----------------------

Table legend: (Time is in decaauts)
 A = Elapsed time spent in this place.
 B = Non-inter-level travel time spent in this place.
 C = Inter-level travel time spent in this place.
 D = Time resting spent in this place.
 E = Time spent auto-exploring this place.
 F = Levels seen in this place.
 G = Mean time per level.
                   A        B        C        D        E       F      G
               +--------+--------+--------+--------+--------+-----+--------+
         Total |    899 |    869 |     30 |     31 |    614 |   2 |  449.5 |
       Dungeon |    899 |    869 |     30 |     31 |    614 |   2 |  449.5 |
               +--------+--------+--------+--------+--------+-----+--------+

Top non-repeatable levels by time:
     D:1: 842 daAuts
     D:2: 57 daAuts
